 Dungeon Crawl Stone Soup version 0.26-a0-670-g578ab304f5 (webtiles) character file.

Game seed: 13201747412197061275

(classic levelgen) 11 EnegeticOcto the Digger (level 2, 0/17 HPs)
             Began as a Halfling Earth Elementalist on Oct 19, 2020.
             Slain by a kobold
             ... wielding a +2 dagger of protection
              (3 damage)
             ... on level 1 of the Dungeon.
             The game lasted 00:02:01 (355 turns).

EnegeticOcto the Digger (HaEE)                       Turns: 355, Time: 00:02:01

Health: 0/17       AC:  2    Str:  9    XL:     2   Next: 35%
Magic:  4/4        EV: 15    Int: 13    God:
Gold:   36         SH:  0    Dex: 14    Spells: 3/4 levels left

rFire    + . .     SeeInvis .   g - +0 mace
rCold    + . .     Faith    .   (shield restricted)
rNeg     . . .     Spirit   .   c - +0 robe
rPois    +         Reflect  .   (no helmet)
rElec    +         Harm     .   (no cloak)
rCorr    +         Rampage  .   (no gloves)
MR       .....                  (no boots)
Stlth    ++........             (no amulet)
HPRegen  0.05/turn              (no ring)
MPRegen  0.09/turn              (no ring)

@: resistant
A: small, mutation resistance 1
a: no special abilities


You were on level 1 of the Dungeon.
You visited 1 branch of the dungeon, and saw 2 of its levels.

You collected 36 gold pieces.

Inventory:

Hand Weapons
 a - a +0 whip
 g - a +0 mace (weapon)
Missiles
 b - 37 stones (quivered)
Armour
 c - a +0 robe (worn)
Scrolls
 d - a scroll of immolation {unknown}
 f - a scroll of identify {unknown}
Potions
 i - a potion of curing {unknown}


   Skills:
 - Level 2.1 Dodging
 - Level 2.1 Stealth
 - Level 1.5 Spellcasting
   Level 0.5 Transmutations
 + Level 3.6 Earth Magic


You had 3 spell levels left.
You knew the following spells:

 Your Spells              Type           Power        Failure   Level
a - Sandblast             Erth           ##....       6%          1

Your spell library contained the following spells:

 Spells                   Type           Power        Failure   Level
 Passwall                 Tmut/Erth      #.......     17%         2
 Stone Arrow              Conj/Erth      #.....       36%         3
 Petrify                  Tmut/Erth      #.......     75%         4
 Lee's Rapid Deconstruct  Erth           ##........   85%         5


Dungeon Overview and Level Annotations

Branches:
Dungeon (2/15)

Altars:


Innate Abilities, Weirdness & Mutations

You are small and have problems with some larger weapons.
You are somewhat resistant to further mutation.


Message History

There is a stone staircase leading up here.
Things that are here:
a +0 dagger; a goblin corpse
Found 12 gold pieces.
A kobold comes into view. It is wielding a +0 short sword.
A kobold comes into view.
It is wielding a +2 dagger of protection.
The kobold shouts!
You hear a shout! x2
The kobold throws a stone.
The stone misses you.
A kobold comes into view. It is wielding a +0 whip.
The kobold throws a stone.
The stone closely misses you.
Casting: Sandblast (safe; 6% risk of failure)
Confirm with . or Enter, or press ? or * to list all spells.
Aiming: Sandblast (safe; 6% risk of failure)
Press: ? - help, Shift-Dir - straight line, f - kobold
Aim: a kobold, wielding a +2 dagger of protection The blast of sand hits the kobold but does no damage.
b - 43 stones
Casting: Sandblast (safe; 6% risk of failure)
Confirm with . or Enter, or press ? or * to list all spells.
Aiming: Sandblast (safe; 6% risk of failure)
Press: ? - help, Shift-Dir - straight line, f/p - kobold
Aim: a kobold, wielding a +2 dagger of protection The blast of sand hits the kobold but does no damage.
b - 42 stones A hobgoblin comes into view.
It is wielding a -3 club.
An ooze comes into view.
The kobold throws a stone.
The stone misses you.
Casting: Sandblast (safe; 6% risk of failure)
Confirm with . or Enter, or press ? or * to list all spells.
Aiming: Sandblast (safe; 6% risk of failure)
Press: ? - help, Shift-Dir - straight line, f/p - kobold
Aim: a kobold, wielding a +2 dagger of protection The blast of sand misses the kobold.
b - 41 stones The hobgoblin shouts!
The kobold hits you with a +2 dagger of protection.
The kobold throws a stone.
The stone misses you.
Casting: Sandblast (safe; 6% risk of failure)
Confirm with . or Enter, or press ? or * to list all spells.
Aiming: Sandblast (safe; 6% risk of failure)
Press: ? - help, Shift-Dir - straight line, f/p - kobold
Aim: a kobold, wielding a +2 dagger of protection
Okay, then.
The kobold throws a stone.
The stone hits you but does no damage.
A quokka comes into view.
You see here a stone.
You are too injured to fight recklessly!
You barely miss the kobold.
The kobold hits you with a +2 dagger of protection.
You barely miss the kobold.
The kobold hits you with a +2 dagger of protection.
* * * LOW HITPOINT WARNING * * *
The kobold closely misses you.
You barely miss the kobold.
The kobold hits you with a +2 dagger of protection.
* * * LOW HITPOINT WARNING * * *
Things that are here:
a +0 dagger; a goblin corpse
There is a stone staircase leading up here.
The kobold misses you.
You climb upwards.
There is a stone staircase leading down here.
Casting: Sandblast (safe; 6% risk of failure)
Confirm with . or Enter, or press ? or * to list all spells.
Aiming: Sandblast (safe; 6% risk of failure)
Press: ? - help, Shift-Dir - straight line, f - kobold
Aim: a kobold, wielding a +2 dagger of protection The blast of sand hits the kobold but does no damage.
b - 40 stones The kobold barely misses you.
Casting: Sandblast (safe; 6% risk of failure)
Confirm with . or Enter, or press ? or * to list all spells.
Aiming: Sandblast (safe; 6% risk of failure)
Press: ? - help, Shift-Dir - straight line, f/p - kobold
Aim: a kobold, wielding a +2 dagger of protection The blast of sand hits the kobold but does no damage.
b - 39 stones The kobold completely misses you.
Casting: Sandblast (safe; 6% risk of failure)
Confirm with . or Enter, or press ? or * to list all spells.
Aiming: Sandblast (safe; 6% risk of failure)
Press: ? - help, Shift-Dir - straight line, f/p - kobold
Aim: a kobold, wielding a +2 dagger of protection The blast of sand hits the kobold but does no damage.
b - 38 stones The kobold misses you.
Casting: Sandblast (safe; 6% risk of failure)
Confirm with . or Enter, or press ? or * to list all spells.
Aiming: Sandblast (safe; 6% risk of failure)
Press: ? - help, Shift-Dir - straight line, f/p - kobold
Aim: a kobold, wielding a +2 dagger of protection The blast of sand hits the kobold but does no damage.
b - 37 stones The kobold closely misses you.
It was a potion of magic.
Magic courses through your body. The kobold closely misses you.
It was a potion of resistance.
You feel protected.
The kobold hits you with a +2 dagger of protection.
You die...

## ...###########
#..........@#######
#.##.....##K.......
#.##...#.##.#######
#.............†...#
#.##.....##.#####.##
..##..†..##.####...####
.......................
.S###......######...####
.........# #.##


You could see a kobold.

Vanquished Creatures
  A giant cockroach (D:1)
  A goblin (D:2)
  A ball python (D:1)
  2 bats
  3 kobolds (D:1)
  5 rats
13 creatures vanquished.

Notes
Turn   | Place    | Note
-------+----------+-------------------------------------------
     0 | D:1      | EnegeticOcto the Halfling Earth Elementalist began the
                  | quest for the Orb.
     0 | D:1      | Reached XP level 1. HP: 11/11 MP: 3/3
   232 | D:2      | Reached XP level 2. HP: 9/17 MP: 4/4
   355 | D:1      | Slain by a kobold

Illustrated notes

Levels and vault maps discovered:
D:1:      erik_arrival_blinker_ship, layout_loops_ring
D:2:      layout_basic

Action                   || total
-------------------------++-------
Melee: Whip              ||     6
       Mace              ||    11
       Unarmed           ||     1
 Cast: Sandblast         ||    18
  Use: Potion            ||     2
 Stab: Sleeping          ||     2
Armor: Robe              ||     5
Dodge: Dodged            ||    37

Table legend: (Time is in decaauts)
 A = Elapsed time spent in this place.
 B = Non-inter-level travel time spent in this place.
 C = Inter-level travel time spent in this place.
 D = Time resting spent in this place.
 E = Time spent auto-exploring this place.
 F = Levels seen in this place.
 G = Mean time per level.
                   A        B        C        D        E       F      G
               +--------+--------+--------+--------+--------+-----+--------+
         Total |    366 |    360 |      6 |      0 |      0 |   2 |  183.0 |
       Dungeon |    366 |    360 |      6 |      0 |      0 |   2 |  183.0 |
               +--------+--------+--------+--------+--------+-----+--------+

Top non-repeatable levels by time:
     D:1: 257 daAuts
     D:2: 109 daAuts
